 Dungeon Crawl Stone Soup version 0.21.1-1-g345015f (webtiles) character file.

7665 crasatator the Grappler (level 10, 0/93 HPs)
             Began as a Troll Fighter on May 5, 2018.
             Was a High Priest of Cheibriados.
             Slain by a brown ugly thing (13 damage)
             ... on level 9 of the Dungeon.
             The game lasted 00:38:08 (7970 turns).

crasatator the Grappler (Troll Fighter)             Turns: 7970, Time: 00:38:09

Health: 0/93       AC:  3    Str: 46    XL:     10   Next: 99%
Magic:  2/10       EV: 12    Int: 16    God:    Cheibriados [*****.]
Gold:   418        SH: 21    Dex: 21    Spells: 9/9 levels left

rFire    . . .     SeeInvis .     - Unarmed
rCold    . . .     Gourm    +   H - +0 large shield
rNeg     . . .     Faith    .   F - +2 robe {MR+}
rPois    .         Spirit   .   (helmet restricted)
rElec    .         Reflect  .   (no cloak)
rCorr    .         Harm     .   (gloves unavailable)
MR       +....                  (boots unavailable)
Stlth    +++.......             (no amulet)
HPRegen  0.65/turn              (no ring)
MPRegen  0.12/turn              (no ring)

@: mighty, corroded, very slow
A: large, unfitting armour, claws 3, fast metabolism 3, gourmand, regeneration
1, shaggy fur 1, tough skin 2
a: Bend Time, Temporal Distortion, Slouch, Step From Time, Renounce Religion


You were on level 9 of the Dungeon.
You worshipped Cheibriados.
Cheibriados was extremely pleased with you.
You were very full.

You visited 2 branches of the dungeon, and saw 10 of its levels.
You also visited: Ossuary.

You collected 458 gold pieces.
You spent 40 gold pieces at shops.

Inventory:

Missiles
 g - 3 javelins (quivered)
 t - 2 throwing nets
Armour
 F - a +2 robe of magic resistance (worn)
 H - a +0 large shield (worn)
Jewellery
 r - an uncursed ring of fire
 G - a cursed -2 ring of intelligence {unknown}
Wands
 j - a wand of iceblast (15)
 w - a wand of polymorph (11)
Scrolls
 k - a scroll of holy word {unknown}
 l - 3 scrolls of immolation
 m - 4 scrolls of blinking
 o - 6 scrolls of remove curse
 v - 2 scrolls of brand weapon {unknown}
 x - a scroll of noise {unknown}
 y - a scroll of magic mapping {unknown}
 A - a scroll of identify
 B - a scroll of random uselessness {unknown}
 C - 2 scrolls of enchant weapon
 E - a scroll of vulnerability {unknown}
Potions
 a - a potion of mutation {unknown}
 c - a potion of might
 e - a potion of berserk rage {unknown}
 f - a potion of magic {unknown}
 h - a potion of heal wounds {unknown}
 i - a potion of resistance
 n - 3 potions of lignification
 p - 4 potions of brilliance
 q - a potion of agility
 u - 2 potions of ambrosia
 z - 3 potions of curing
 D - a potion of haste {unknown}
Comestibles
 d - 23 rations


   Skills:
 + Level 4.2 Fighting
 + Level 1.6 Throwing
 + Level 6.4 Dodging
 - Level 3.0 Stealth
 + Level 6.1 Shields
 + Level 11.7 Unarmed Combat
 + Level 2.1 Invocations


You had 9 spell levels left.
You didn't know any spells.

Dungeon Overview and Level Annotations

Branches:
Dungeon (9/15)             Temple (1/1) D:4            Lair (0/6) D:8
    Orc: D:9-12

Altars:
Ashenzari
Cheibriados
Dithmenos
Elyvilon
Fedhas
Gozag
Hepliaklqana
Kikubaaqudgha
Makhleb
Nemelex Xobeh
Okawaru
Qazlal
Ru
Sif Muna
Trog
Uskayaw
Vehumet
Wu Jian
Xom
Yredelemnul
Zin
The Shining One
Lugonu

Shops:
D:4 !   D:5 %

Annotations:
D:2 Sigmund


Innate Abilities, Weirdness & Mutations

You are too large for most types of armour.
You have claws for hands.
Your metabolism is lightning-fast.
You like to eat raw meat.
Your natural rate of healing is unusually fast.
You are covered in fur. (AC +1)
You have very tough skin. (AC +2)


Message History

The brown ugly thing closely misses you.
You mangle the brown ugly thing!!
You kill the brown ugly thing!
Cheibriados thoroughly appreciates the change of pace.
You block the brown ugly thing's attack.
You feel very mighty all of a sudden. The small abomination hits you!
* * * LOW HITPOINT WARNING * * *
You block the brown ugly thing's attack.
You claw the small abomination!
The small abomination is moderately damaged.
You block the small abomination's attack.
You mangle the brown ugly thing!!
The brown ugly thing is moderately wounded.
You block the brown ugly thing's attack.
The small abomination misses you.
You scratch the small abomination.
The small abomination is heavily damaged.
The brown ugly thing engulfs you!
You die...

######## ##.#.....########### #
##.##.###.#[......... .###.....#
#..##########
#.#.####.###.###### #<##
#.....###..## ### ###.####.©..#
#.# #..u.## #
##.#####@x..###...#
#....#####.......# ###
#..#..#####.$?).#####.###
########..#..©.###.$_[.###.©....
..........##.#####.$)".#####.###
########.##### ./.....# #####
#.# ..###...# #. #.# .## #..#
###. #.# ## ##. #...


You could see a brown ugly thing and a small abomination.

Vanquished Creatures
  3 two-headed ogres
  An ugly thing (D:9)
  The ghost of Iko the Slinger, a novice VSHu of Ru (D:7)
  A hornet (D:9)
  A spriggan (D:7)
  The ghost of crasatator the Ruffian, an amateur TrFi (D:4)
  2 wraiths (Ossuary)
  3 wargs (D:8)
  The ghost of Scuka the Cutter, an amateur KoBe of Trog (D:3)
  A water moccasin (D:6)
  3 orc warriors
  2 sky beasts
  A phantom (D:2)
  An ice beast (D:5)
  3 ogres
  4 bullfrogs
  4 small abominations (D:9)
  2 scorpions
  11 wights
  A howler monkey (D:5)
  4 crimson imps
  A centaur zombie (D:9)
  3 hounds
  A quasit (D:6)
  A bullfrog zombie (D:7)
  2 jellies
  9 orc wizards
  2 orc priests
  3 bullfrog skeletons
  2 gnoll shamans
  6 worker ants
  4 iguanas
  A worker ant zombie (D:6)
  20 gnolls
  A howler monkey skeleton (D:9)
  9 adders
  4 shadow imps
  An ooze (D:1)
  2 adder zombies
  7 worms
  3 dart slugs
  3 leopard geckos
  34 orcs
  7 giant cockroaches
  7 goblins
  7 hobgoblins
  16 jackals
  3 quokkas
  2 ball pythons
  3 ball python skeletons
  4 bats
  5 frilled lizards
  3 hobgoblin zombies (Ossuary)
  7 kobolds
  2 kobold zombies (Ossuary)
  A leopard gecko zombie (D:6)
  4 rats
241 creatures vanquished.

Notes
Turn   | Place    | Note
-------+----------+-------------------------------------------
     0 | D:1      | crasatator the Troll Fighter began the quest for the Orb.
     0 | D:1      | Reached XP level 1. HP: 22/22 MP: 0/0
   176 | D:1      | Reached XP level 2. HP: 29/29 MP: 1/1
   380 | D:1      | Reached XP level 3. HP: 36/36 MP: 2/2
   944 | D:2      | Noticed a phantom
   976 | D:2      | Killed a phantom
   976 | D:2      | Reached skill level 3 in Unarmed Combat
   976 | D:2      | Reached XP level 4. HP: 44/44 MP: 3/3
   976 | D:2      | Reached XP level 5. HP: 52/52 MP: 4/4
  1122 | D:2      | Noticed Sigmund
  1433 | D:3      | Noticed Scuka's ghost (amateur KoBe)
  1460 | D:3      | Killed Scuka's ghost
  1460 | D:3      | Reached skill level 1 in Throwing
  1460 | D:3      | Reached skill level 4 in Unarmed Combat
  1460 | D:3      | Reached XP level 6. HP: 47/59 MP: 5/5
  1711 | D:3      | Found an ornate altar of the Wu Jian Council.
  2166 | D:4      | Found a staircase to the Ecumenical Temple.
  2175 | Temple   | Entered the Ecumenical Temple
  2233 | Temple   | Became a worshipper of Cheibriados the Contemplative
  2396 | D:4      | Found Tysautsi's Distillery.
  2399 | D:4      | Bought a potion of might for 40 gold pieces
  2668 | D:4      | Noticed crasatator's ghost (amateur TrFi)
  2746 | D:4      | HP: 2/59 [poisoned by a gnoll]
  2752 | D:4      | HP: 2/59 [poisoned by a gnoll]
  2874 | D:4      | Reached skill level 5 in Unarmed Combat
  2874 | D:4      | Reached XP level 7. HP: 61/66 MP: 6/6
  2985 | D:4      | Found a glowing silver altar of Zin.
  3032 | D:4      | Killed crasatator's ghost
  3032 | D:4      | Reached skill level 1 in Stealth
  3079 | D:5      | Entered Level 5 of the Dungeon
  3079 | D:5      | Found a sand-covered staircase.
  3107 | Ossuary  | Entered an ossuary
  3161 | Ossuary  | Reached * piety under Cheibriados
  3203 | Ossuary  | Noticed a flying skull
  3203 | Ossuary  | Noticed a wraith
  3210 | Ossuary  | Noticed a flying skull
  3246 | Ossuary  | Noticed a flying skull
  3252 | Ossuary  | Noticed a wraith
  3270 | Ossuary  | Killed a wraith
  3270 | Ossuary  | Reached skill level 6 in Unarmed Combat
  3337 | Ossuary  | Noticed a flying skull
  3380 | Ossuary  | Noticed a wraith
  3389 | Ossuary  | Killed a wraith
  3389 | Ossuary  | Reached XP level 8. HP: 65/75 MP: 7/7
  3748 | D:5      | Found Sohufal's Food Boutique.
  3804 | D:5      | Reached skill level 7 in Unarmed Combat
  3841 | D:5      | Found a hide-covered altar of Uskayaw.
  4240 | D:6      | Reached ** piety under Cheibriados
  4285 | D:6      | Reached skill level 8 in Unarmed Combat
  4425 | D:6      | Found a bloodstained altar of Trog.
  4490 | D:6      | Reached XP level 9. HP: 83/84 MP: 8/8
  4521 | D:6      | Found a shimmering altar of Xom.
  4811 | D:6      | Reached *** piety under Cheibriados
  5429 | D:7      | Reached **** piety under Cheibriados
  5529 | D:7      | Reached skill level 9 in Unarmed Combat
  5540 | D:7      | Reached skill level 5 in Dodging
  5624 | D:7      | Noticed Iko's ghost (novice VSHu)
  5661 | D:7      | Killed Iko's ghost
  5664 | D:7      | Reached skill level 5 in Shields
  5800 | D:7      | Found a shimmering altar of Xom.
  5800 | D:7      | Found a burning altar of Makhleb.
  6065 | D:7      | Found a hazy altar of Hepliaklqana.
  6065 | D:7      | Found an opulent altar of Gozag.
  6066 | D:7      | Found a glowing golden altar of the Shining One.
  6223 | D:8      | Reached skill level 10 in Unarmed Combat
  6285 | D:8      | Reached ***** piety under Cheibriados
  6292 | D:8      | Reached XP level 10. HP: 21/92 MP: 6/9
  6293 | D:8      | Found a staircase to the Lair.
  6294 | D:8      | Noticed a two-headed ogre
  6299 | D:8      | Killed a two-headed ogre
  6461 | D:8      | Noticed a two-headed ogre
  6467 | D:8      | Killed a two-headed ogre
  6634 | D:8      | Noticed a two-headed ogre
  7050 | D:8      | Reached skill level 1 in Invocations
  7138 | D:9      | Found a transporter.
  7201 | D:9      | Reached skill level 11 in Unarmed Combat
  7286 | D:9      | Noticed a two-headed ogre
  7301 | D:9      | Killed a two-headed ogre
  7603 | D:9      | Found a sparkling altar of Nemelex Xobeh.
  7766 | D:9      | Found a corrupted altar of Lugonu.
  7953 | D:9      | Noticed a purple ugly thing
  7955 | D:9      | Noticed a brown ugly thing
  7966 | D:9      | Killed a brown ugly thing
  7970 | D:9      | Slain by a brown ugly thing

Skill      XL: |  1  2  3  4  5  6  7  8  9 10 |
---------------+-------------------------------+-----
Dodging        | 3 4 5 6 |  6.4
Shields        | 3 4 5 6 |  6.1
Unarmed Combat | 3 4 5 6 8 10 11 | 11.7
Throwing       | 1 |  1.6
Fighting       | 3 4 |  4.2
Stealth        | 1 2 3 |  3.0
Invocations    | 2 |  2.1

Action                   |  1- 3 |  4- 6 |  7- 9 | 10-12 || total
-------------------------+-------+-------+-------+-------++-------
Melee: Unarmed           |   120 |   176 |   344 |   140 ||   780
Throw: Javelin           |    11 |     8 |       |       ||    19
Invok: Bend Time         |       |       |     1 |     8 ||     9
       Temporal Distorti |       |       |       |     1 ||     1
  Use: Scroll            |       |     3 |    11 |     3 ||    17
       Potion            |       |       |     1 |     1 ||     2
 Stab: Sleeping          |       |     1 |     5 |     2 ||     8
       Distracted        |       |       |     1 |       ||     1
  Eat: Chunk             |    14 |    18 |    22 |    11 ||    65
Armor: Robe              |    55 |    47 |    46 |     5 ||   153
Dodge: Dodged            |    36 |    34 |    82 |    31 ||   183
Block: Shield            |    54 |    64 |   138 |    44 ||   300
       Large shield      |       |       |       |    23 ||    23
